 Dungeon Crawl Stone Soup version 0.19.0 (webtiles) character file.

30336 Danakh the Cleaver (level 13, -1/116 HPs)
             Began as a Minotaur Fighter on Nov 5, 2016.
             Was an Initiate of Gozag.
             Slain by an entropy weaver (7 damage)
             ... on level 3 of the Lair of Beasts.
             The game lasted 00:49:46 (15249 turns).

Danakh the Cleaver (Minotaur Fighter)              Turns: 15249, Time: 00:49:47

Health: -1/116     AC:  1    Str: 26    XL:     13   Next: 20%
Magic:  0/21       EV:  9    Int:  3    God:    Gozag
Gold:   1494       SH: 12    Dex:  6    Spells: 0 memorised, 12 levels left

rFire  + + .     SeeInvis .     Y - +9 whip "Qicu" {freeze, -Tele rF+++ rC+ Dex-4}
rCold  + + .     Gourm    .     t - -2 chain mail (curse)
rNeg   + . .     Faith    .     c - +0 shield
rPois  .         Spirit   +     z - +1 hat
rElec  .         Reflect  .     x - +1 cloak
rCorr  .         Harm     .     u - +0 pair of gloves
MR     .....     NoTele   +     l - +0 pair of boots
Stlth  ..........               L - amulet of guardian spirit
                                y - -2 ring of intelligence (curse)
                                Q - ring of Suti Pen {Ice rN+ MP+9}

@: corroded, very slightly contaminated, hasted, very quick
A: retaliatory headbutt, horns 2
a: Potion Petition, Call Merchant, Bribe Branch, Renounce Religion


You were on level 3 of the Lair of Beasts.
You worshipped Gozag.
Gozag was most pleased with you.
You were hungry.

You visited 3 branches of the dungeon, and saw 16 of its levels.
You also visited: Ice Cave.

You collected 3723 gold pieces.
You paid 2229 gold pieces to Gozag.

Inventory:

Hand Weapons
 Y - the +9 whip "Qicu" (weapon) {freeze, -Tele rF+++ rC+ Dex-4}
   (You found it on level 11 of the Dungeon)

   It has been specially enchanted to freeze those struck by it, causing extra
   injury to most foes and up to half again as much damage against particularly
   susceptible opponents.
   It can also slow down cold-blooded creatures.
   It affects your dexterity (-4).
   It renders you almost immune to fire.
   It protects you from cold.
   It prevents most forms of teleportation.
Armour
 c - a +0 shield (worn)
 l - a +0 pair of boots (worn)
 t - a cursed -2 chain mail (worn)
 u - a +0 pair of gloves (worn)
 x - a +1 cloak (worn)
 z - a +1 hat (worn)
Jewellery
 n - an uncursed ring of see invisible
 y - a cursed -2 ring of intelligence (right hand)
 E - a +6 ring of evasion
 K - a +3 ring of slaying {unknown}
 L - an amulet of guardian spirit (around neck)
 P - an uncursed ring of protection from fire {unknown}
 Q - the ring of Suti Pen (left hand) {Ice rN+ MP+9}
   (You took it off a frost giant in an ice cave)

   [ring of ice]

   It enhances your ice magic.
   It makes you vulnerable to fire.
   It protects you from cold.
   It protects you from negative energy.
   It affects your magic capacity (+9).
 S - an uncursed ring of protection from magic {unknown}
Wands
 m - a wand of digging (12/24)
 o - a wand of iceblast (3/15)
 r - a wand of paralysis (15/24)
 C - a wand of acid (9/15)
 N - a wand of acid (3/15)
 U - a wand of lightning (7/15)
 X - a wand of iceblast (7/15)
 Z - a wand of digging (15/24)
Scrolls
 h - a scroll of acquirement {unknown}
 j - 2 scrolls of enchant armour {unknown}
 w - a scroll of identify {unknown}
 B - a scroll of amnesia {unknown}
Potions
 b - a potion of heal wounds {unknown}
 d - 4 potions of might
 e - 4 potions of curing {unknown}
 g - a potion of cancellation {unknown}
 i - a potion of haste {unknown}
 k - a potion of mutation {unknown}
 p - 3 potions of invisibility {unknown}
 q - 3 potions of ambrosia {unknown}
 s - 7 potions of brilliance {unknown}
 A - 3 potions of degeneration {unknown}
 F - 3 potions of magic {unknown}
 H - 2 potions of resistance {unknown}
 J - a potion of cure mutation {unknown}
 M - 2 potions of flight {unknown}
 R - a potion of beneficial mutation {unknown}
Miscellaneous
 a - a fan of gales
Comestibles
 f - 11 bread rations
 v - a royal jelly
 G - 9 slices of pizza
 T - 6 meat rations


   Skills:
 + Level 11.5 Fighting
   Level 13.4(14.9) Axes
 * Level 11.2(13.8) Maces & Flails
 + Level 12.2 Armour
 - Level 3.8 Dodging
 - Level 1.5 Stealth
 + Level 12.0 Shields


You had 12 spell levels left.
You didn't know any spells.

Dungeon Overview and Level Annotations

Branches:
Dungeon (11/15)            Temple (1/1) D:4            Lair (4/6) D:8
  Swamp (0/4) Lair:2        Snake (0/4) Lair:2
    Orc: D:9-12

Altars:
Ashenzari
Cheibriados
Dithmenos
Elyvilon
Fedhas
Gozag
Hepliaklqana
Kikubaaqudgha
Makhleb
Nemelex Xobeh
Okawaru
Qazlal
Ru
Sif Muna
Trog
Uskayaw
Vehumet
Xom
Yredelemnul
Zin
The Shining One

Shops:
D:9 *   D:10 %


Innate Abilities, Weirdness & Mutations

You reflexively headbutt those who attack you in melee.
You have a pair of horns on your head.


Message History

You are feeling hungry.
The entropy weaver hits you but does no damage.
The entropy weaver hits you!
* * * LOW HITPOINT WARNING * * *
You block the entropy weaver's attack. x2
You are very lightly contaminated with residual magic.
You hit the entropy weaver but do no damage.
The entropy weaver is heavily wounded.
You hit the entropy weaver but do no damage.
Your headbutt misses the entropy weaver.
The entropy weaver is heavily wounded.
The entropy weaver hits you!
* * * LOW HITPOINT WARNING * * *
The entropy weaver hits you.
* * * LOW HITPOINT WARNING * * *
The entropy weaver hits you.
* * * LOW HITPOINT WARNING * * *
The entropy weaver hits you!
You die...
Your body crumbles into a pile of gold.

#### #### ####..# #
####.P####P#.a### ##
#..........$.@..#
.####......#######.##
.........a########..########
.##.#...#a###.##....#P##...#
######.##..#..a...........P###
### #...#..................#.#
#.####.#.#..##..##..#.#.[...##
..........####.P##.#####P...#
.........## #..##..P.#.....#


You could see an entropy weaver.

Vanquished Creatures
  A frost giant (IceCv)
  Erolcha (D:9)
  A hydra (Lair:1)
  A death yak (IceCv)
  An unseen horror (D:11)
  3 hill giants (D:11)
  Pikel (D:4)
  An ugly thing (D:11)
  An ice statue (IceCv)
  5 spiny frogs
  A rime drake (IceCv)
  The ghost of dsb250 the Digger, a novice GrEE (D:6)
  A komodo dragon (Lair:3)
  2 ice devils (Lair:2)
  17 polar bears
  A troll (D:10)
  A two-headed ogre (D:10)
  A dream sheep (Lair:2)
  4 hippogriffs
  6 slime creatures
  7 blink frogs
  Sigmund (D:6)
  21 yaks
  2 wyverns
  3 hogs (D:7)
  A human (D:7)
  2 basilisks
  6 swamp worms (Lair:2)
  22 soldier ants
  4 water moccasins
  2 hell hounds (D:8)
  5 porcupines
  4 orc warriors
  Purgy (D:3)
  3 black bears
  The ghost of Danakh the Skirmisher, an amateur MiFi (D:3)
  A hornet zombie (D:10)
  3 ice beasts
  2 sky beasts
  A phantom (D:9)
  A necrophage (D:9)
  3 centaurs
  10 wolves
  3 ogres
  7 crocodiles
  2 big kobolds
  12 bullfrogs
  4 scorpions
  3 wights (D:7)
  4 electric eels
  2 howler monkeys
  A bullfrog zombie (D:5)
  A crimson imp (D:11)
  A quasit (D:11)
  7 orc priests
  3 centaur skeletons
  3 hounds
  12 orc wizards
  7 iguanas
  18 worker ants
  2 killer bee zombies
  Robin (D:3)
  16 adders
  7 gnolls
  A river rat (D:3)
  2 shadow imps (D:6)
  An ooze (D:1)
  2 adder zombies
  2 adder skeletons
  8 worms
  2 dart slugs
  5 leopard geckos
  44 orcs
  3 ball pythons
  8 bats
  4 giant cockroaches
  13 goblins
  9 hobgoblins
  3 jackals (D:3)
  3 quokkas
  7 frilled lizards
  17 kobolds
  2 leopard gecko skeletons (D:5)
  A quokka skeleton (D:8)
  4 rats
414 creatures vanquished.

Vanquished Creatures (others)
  A death yak (IceCv)
  2 polar bears (IceCv)
  4 dream sheep (Lair:2)
  4 yaks (IceCv)
  6 wolves (IceCv)
  A worm (D:4)
  A bush (Lair:2)
  A fungus (Lair:4)
  3 plants
23 creatures vanquished.

Grand Total: 437 creatures vanquished

Notes
Turn   | Place    | Note
-------+----------+-------------------------------------------
     0 | D:1      | Danakh the Minotaur Fighter began the quest for the Orb.
     0 | D:1      | Reached XP level 1. HP: 19/19 MP: 0/0
    93 | D:1      | Reached XP level 2. HP: 20/27 MP: 1/1
   515 | D:2      | Reached XP level 3. HP: 33/33 MP: 2/2
   766 | D:2      | Reached skill level 3 in Axes
   777 | D:2      | Reached XP level 4. HP: 15/41 MP: 3/3
  1640 | D:3      | Noticed Purgy
  1654 | D:3      | Reached XP level 5. HP: 27/47 MP: 4/4
  1661 | D:3      | Noticed Danakh's ghost (amateur MiFi)
  2024 | D:3      | Reached skill level 1 in Dodging
  2400 | D:3      | Killed Danakh's ghost
  2400 | D:3      | Reached skill level 4 in Axes
  2400 | D:3      | Reached skill level 5 in Armour
  2492 | D:3      | Noticed Robin
  2500 | D:3      | Reached XP level 6. HP: 40/55 MP: 5/5
  2509 | D:3      | Reached skill level 5 in Fighting
  2527 | D:3      | Killed Robin
  2532 | D:3      | Reached skill level 5 in Axes
  3007 | D:3      | Killed Purgy
  3007 | D:3      | Reached skill level 5 in Shields
  3189 | D:4      | Got a pitted mace
  3190 | D:4      | Identified the +8 mace of Zeiphoqe {crush, rF+ Int-3 Dex+3} (You found it on level 4 of the Dungeon)
  3245 | D:4      | Noticed Pikel
  3246 | D:4      | Noticed a slave
  3257 | D:4      | Found a glowing silver altar of Zin.
  3260 | D:4      | Noticed a slave
  3261 | D:4      | Noticed a slave
  3261 | D:4      | Noticed a slave
  3265 | D:4      | Killed Pikel
  3265 | D:4      | Reached skill level 6 in Axes
  3265 | D:4      | Reached skill level 1 in Maces & Flails
  3265 | D:4      | Reached XP level 7. HP: 62/62 MP: 6/6
  3343 | D:4      | Reached XP level 8. HP: 64/70 MP: 7/7
  3371 | D:4      | Lost intelligence.
  3406 | D:4      | Found a staircase to the Ecumenical Temple.
  3462 | Temple   | Entered the Ecumenical Temple
  3635 | Temple   | Became a worshipper of Gozag Ym Sagoz the Greedy
  3755 | D:5      | Entered Level 5 of the Dungeon
  3874 | D:5      | Found a deep blue altar of Sif Muna.
  4114 | D:5      | Reached skill level 7 in Axes
  4335 | D:5      | Found a stormy altar of Qazlal.
  4423 | D:6      | Noticed Sigmund
  4432 | D:6      | Killed Sigmund
  4432 | D:6      | Reached skill level 1 in Stealth
  4953 | D:6      | Noticed dsb250's ghost (novice GrEE)
  4960 | D:6      | Reached skill level 8 in Axes
  4964 | D:6      | Killed dsb250's ghost
  4964 | D:6      | Reached XP level 9. HP: 27/78 MP: 8/8
  5804 | D:6      | Reached skill level 9 in Axes
  6439 | D:7      | Reached skill level 10 in Axes
  6543 | D:7      | Reached XP level 10. HP: 13/88 MP: 1/9
  6798 | D:8      | Found a staircase to the Lair.
  7171 | D:8      | Found a bloodstained altar of Trog.
  7633 | D:9      | Reached skill level 11 in Axes
  8101 | D:9      | Found Fani's Assorted Antiques.
  8300 | D:9      | Reached skill level 12 in Axes
  8506 | D:9      | Noticed Erolcha
  8525 | D:9      | Paralysed by Erolcha for 4 turns
  8531 | D:9      | Killed Erolcha
  8869 | D:10     | Entered Level 10 of the Dungeon
  8872 | D:10     | Found Betud's Food Boutique.
  9085 | D:10     | Reached XP level 11. HP: 95/95 MP: 10/10
  9552 | D:11     | Killed an unseen horror
  9552 | D:11     | Reached skill level 13 in Axes
  9596 | D:11     | Noticed a brown ugly thing
  9607 | D:11     | Killed a brown ugly thing
  9803 | D:11     | Got an iridescent whip
  9804 | D:11     | Identified the +9 whip "Qicu" {freeze, -Tele rF+++ rC+ Dex-4} (You found it on level 11 of the Dungeon)
  9805 | D:11     | Noticed a hill giant
  9824 | D:11     | Killed a hill giant
  9824 | D:11     | Reached skill level 10 in Armour
 10055 | D:11     | Noticed a hill giant
 10064 | D:11     | Noticed a hill giant
 10064 | D:11     | Killed a hill giant
 10074 | D:11     | Killed a hill giant
 10168 | Lair:1   | Entered Level 1 of the Lair of Beasts
 10208 | Lair:1   | Reached skill level 10 in Shields
 10273 | Lair:1   | Found a radiant altar of Vehumet.
 10344 | Lair:1   | Noticed a five-headed hydra
 10363 | Lair:1   | Killed a five-headed hydra
 10363 | Lair:1   | Reached skill level 5 in Maces & Flails
 10728 | Lair:1   | Reached skill level 10 in Fighting
 10833 | Lair:2   | Found a frozen archway.
 10860 | Lair:2   | Reached XP level 12. HP: 96/106 MP: 9/11
 10868 | IceCv    | Entered an ice cave
 11930 | IceCv    | Killed a death yak
 11962 | IceCv    | Noticed a frost giant
 11967 | IceCv    | Noticed a death yak
 11976 | IceCv    | Killed a frost giant
 11978 | IceCv    | Killed a death yak
 12214 | IceCv    | Got a pitted tin ring
 12245 | IceCv    | Identified the ring of Suti Pen {Ice rN+ MP+9} (You took it off a frost giant in an ice cave)
 12447 | Lair:2   | Found a staircase to the Snake Pit.
 12615 | Lair:2   | Reached skill level 10 in Maces & Flails
 12821 | Lair:2   | Found a staircase to the Swamp.
 13221 | Lair:2   | Found a shimmering altar of Xom.
 13943 | Lair:3   | Reached XP level 13. HP: 115/116 MP: 12/12
 14281 | Lair:4   | Noticed an entropy weaver
 14389 | Lair:4   | HP: 5/116 [poisoned by a queen ant]
 14732 | Lair:4   | Noticed an entropy weaver
 15249 | Lair:3   | Slain by an entropy weaver

Skill      XL: |  1  2  3  4  5  6  7  8  9 10 11 12 13 |
---------------+----------------------------------------+-----
Armour         | 4 5 6 7 8 9 10 12 | 12.2
Fighting       | 4 5 6 7 8 10 11 | 11.5
Shields        | 4 5 7 8 9 10 11 12 | 12.0
Axes           | 3 4 6 8 10 12 13 | 13.4
Dodging        | 1 2 3 |  3.8
Maces & Flails | 1 2 3 6 10 11 | 11.2
Stealth        | 1 |  1.5

Action                   |  1- 3 |  4- 6 |  7- 9 | 10-12 | 13-15 || total
-------------------------+-------+-------+-------+-------+-------++-------
Melee: War axe           |    65 |   199 |   219 |   293 |       ||   776
       Headbutt          |    12 |    34 |    65 |   168 |    66 ||   345
       Mace              |       |     8 |    20 |       |       ||    28
       Whip              |       |       |       |   523 |   283 ||   806
Invok: Potion Petition   |       |       |       |     1 |     5 ||     6
 Stab: Distracted        |       |       |     3 |     2 |     1 ||     6
  Eat: Chunk             |       |     7 |     2 |       |       ||     9
       Meat ration       |       |       |     2 |     1 |       ||     3
       Fruit             |       |       |       |    18 |       ||    18
       Beef jerky        |       |       |       |     3 |       ||     3
       Royal jelly       |       |       |       |       |     2 ||     2
Armor: Scale mail        |    30 |   102 |       |       |       ||   132
       Chain mail        |       |     3 |   104 |   159 |    41 ||   307
Dodge: Dodged            |    17 |    83 |    90 |   251 |    39 ||   480
Block: Shield            |    38 |   130 |   152 |   322 |    90 ||   732
